Map: Catalyst LE

Players

IronMan

  • Race: Terran Terran
  • League: Diamond
  • Spawn Location: 11:00

Dessa - Winner!

  • Race: Zerg Zerg
  • League: Diamond
  • Spawn Location: 5:00

VOD

Have the link to the VOD?

Description

Time

  • Played on: Dec. 17, 2017, 8:23 a.m.
  • Length: 10:50
Show
View Real Time Build Order
Export as new Build Order

IronMan Terran 

Build Orders:  

Get SALT Encoding   

  12  0:01  SCV  
  13  0:13  SCV  
  14  0:17  Supply Depot  
  14  0:25  SCV  
  15  0:29  Refinery  
  15  0:39  SCV  
  16  0:46  Barracks  
  16  0:53  SCV  
  17  1:05  SCV  
  18  1:17  SCV  
  19  1:35  Orbital Command  
  19  1:37  Barracks Reactor  
  19  1:49  Command Center  
  19  2:00  SCV  
  20  2:04  Refinery  
  20  2:09  Supply Depot  
  20  2:17  Factory  
  20  2:21  SCV  
  21  2:30  Factory  
  21  2:33  SCV  
  21  2:36  Barracks Reactor  
  22  2:45  SCV, Supply Depot  
  23  2:56  Supply Depot  
  23  2:57  SCV  
  24  3:01  Hellion  
  26  3:06  Hellion  
  27  3:17  Orbital Command  
  27  3:29  Cyclone  
  30  3:40  Cyclone  
  33  3:50  Hellion  
  33  3:52  SCV x2  
  37  4:00  Hellion  
  39  4:04  SCV x2  
  41  4:15  Cyclone  
  41  4:16  SCV x2  
  46  4:21  Cyclone  
  49  4:27  Refinery  
  49  4:28  SCV x2  
  51  4:34  Hellion, Refinery  
  53  4:39  Cyclone  
  53  4:40  SCV x2  
  58  4:50  Cyclone  
  58  4:52  SCV  
  62  5:08  Armory x2  
  62  5:21  Supply Depot  
  62  5:25  Supply Depot  
  62  5:35  Barracks Tech Lab, Factory  
  70  5:42  Hellion x4  
  70  5:43  Supply Depot  
  70  5:47  SCV x2  
  72  5:53  Supply Depot  
  72  5:59  SCV x2  
  72  6:03  Command Center  
  74  6:11  SCV  
  74  6:14  SCV  
  80  6:18  Hellion x2  
  80  6:23  SCV  
  81  6:26  SCV  
  81  6:27  Factory  
  81  6:32  Terran Vehicle And Ship Armor Level 1, Barracks Reactor, Terran Vehicle Weapons Level 1  
  82  6:35  SCV  
  83  6:52  Cyclone x4  
  85  6:55  Hellion  
  70  7:02  SCV x2  
  69  7:14  SCV x2  
  71  7:18  Orbital Command  
  77  7:27  Supply Depot  
  85  7:32  Cyclone x3, Thor  
  86  7:50  Orbital Command  
  86  7:57  Supply Depot  
  86  7:58  Refinery  
  86  8:00  Supply Depot  
  86  8:01  Refinery  
  86  8:08  Cyclone x4  
  86  8:10  Cyclone  
  101  8:14  SCV x2  
  101  8:16  SCV  
  101  8:19  Supply Depot  
  104  8:23  Hellion  
  104  8:24  Hellion, Supply Depot  
  104  8:26  SCV x2  
  110  8:29  SCV  
  111  8:38  SCV x2  
  111  8:41  SCV  
  114  8:43  Hellion x2  
  114  8:44  Hellion x3  
  114  8:45  Hellion  
  126  8:50  SCV x2  
  126  8:53  SCV  
  126  8:55  Cyclone  
  132  9:02  SCV x2  
  133  9:04  Supply Depot, Cyclone  
  133  9:05  SCV  
  133  9:07  Supply Depot, Cyclone  
  133  9:09  Cyclone  
  144  9:16  Cyclone  
  147  9:17  SCV x2  
  147  9:25  Cyclone  
  147  9:27  Thor  
  130  9:35  Cyclone  
  119  9:47  Command Center, Cyclone  
  119  9:52  Supply Depot  
  122  9:53  SCV x3  
  125  10:05  SCV  
  123  10:13  Hellion  
  101  10:14  Supply Depot  
  101  10:23  Supply Depot  
  101  10:25  Supply Depot  
  107  10:30  Supply Depot  
Show
View Real Time Build Order
Export as new Build Order

Dessa Zerg - Winner!

Build Orders: Hatch First 

Get SALT Encoding   

  12  0:02  Drone  
  13  0:13  Overlord  
  13  0:17  Drone  
  14  0:31  Drone x2  
  16  0:39  Drone  
  17  0:54  Hatchery  
  16  0:57  Drone  
  16  1:02  Extractor  
  16  1:03  Drone  
  17  1:17  Spawning Pool  
  16  1:20  Drone  
  16  1:25  Drone  
  18  1:28  Drone  
  19  1:39  Drone  
  20  2:04  Overlord  
  20  2:05  Zergling x2  
  20  2:06  Metabolic Boost  
  20  2:07  Queen  
  23  2:10  Queen  
  23  2:13  Drone  
  26  2:17  Drone  
  26  2:20  Drone  
  28  2:23  Drone  
  29  2:31  Drone  
  29  2:33  Drone  
  31  2:38  Drone  
  32  2:45  Baneling Nest  
  32  2:46  Queen  
  33  2:52  Overlord  
  33  2:57  Drone x2  
  35  3:09  Drone  
  36  3:15  Drone  
  37  3:25  Hatchery  
  37  3:26  Roach Warren  
  35  3:31  Overlord  
  35  3:36  Drone x2  
  37  3:44  Drone x2  
  37  3:45  Drone  
  37  3:46  Drone  
  41  3:49  Overlord  
  41  3:54  Overlord  
  41  4:06  Roach x5  
  41  4:07  Drone  
  41  4:09  Drone  
  52  4:17  Lair  
  52  4:19  Overlord  
  52  4:23  Drone  
  53  4:26  Drone, Extractor, Zergling x2  
  53  4:27  Zergling x4, Extractor  
  55  4:40  Zergling x8  
  55  4:41  Queen  
  61  4:49  Drone, Evolution Chamber  
  61  4:50  Evolution Chamber  
  61  4:51  Drone x2  
  62  4:53  Drone  
  63  5:13  Drone  
  63  5:14  Drone x3  
  66  5:18  Zerg Ground Armor Level 1, Zerg Missile Weapons Level 1  
  66  5:20  Roach  
  69  5:22  Overlord  
  69  5:25  Drone  
  69  5:26  Extractor  
  69  5:29  Drone x3  
  72  5:37  Roach x4, Zergling x2  
  72  5:39  Overlord  
  81  5:53  Zergling x2  
  81  5:55  Zergling x12  
  81  5:56  Overlord  
  88  6:15  Drone  
  88  6:16  Drone x4  
  93  6:19  Drone  
  94  6:35  Roach  
  94  6:36  Roach x5  
  94  6:38  Overlord x2  
  85  7:08  Roach x2  
  89  7:16  Hydralisk Den  
  88  7:26  Drone, Extractor  
  88  7:27  Drone x2, Extractor  
  88  7:28  Drone x5  
  88  7:29  Drone, Overlord x2  
  95  7:31  Pneumatized Carapace  
  95  7:32  Zerg Ground Armor Level 2, Zerg Missile Weapons Level 2  
  96  7:44  Drone x3  
  96  7:45  Drone x3  
  96  7:46  Overlord  
  96  7:48  Muscular Augments  
  96  7:49  Glial Reconstitution  
  101  7:52  Hydralisk x4  
  109  8:04  Hydralisk  
  109  8:05  Roach x2  
  115  8:14  Overlord  
  115  8:17  Hydralisk x3  
  115  8:18  Roach x5  
  131  8:48  Hatchery  
  130  8:58  Infestation Pit  
  130  8:59  Drone x2  
  131  9:28  Hydralisk x3  
  131  9:29  Roach x4, Hydralisk x5  
  131  9:30  Roach x4, Hydralisk  
  131  9:31  Roach x2  
  115  9:42  Roach  
  115  9:43  Roach x6  
  123  9:59  Roach x4  
  115  10:18  Hydralisk x3  
  115  10:19  Roach x5, Hydralisk  
Tags
 
Matchup
TvZ
Replay Pack
2017S4
Spawn Locations
Cross Positions
Add a new tag
Caveats
  • Supply blocks, unpowered buildings, or Contaminate may cause inaccurate times.
  • Supply counts are checked every 10 seconds.